[Event "Gaprindashvili Cup Open II Stage 2020"]
[Site "Online"]
[Date "2020.11.08"]
[Round "1.2"]
[White "Mindiashvili, Tengiz"]
[Black "Paichadze, Luka"]
[Result "0-1"]
[ECO "A01"]
[WhiteElo "1923"]
[BlackElo "2565"]
[Annotator "ChessBase"]
[PlyCount "64"]
[EventDate "2020.11.04"]
[EventType "swiss"]
[SourceTitle "playchess.com"]
[Source "ChessBase"]
[SourceQuality "1"]
[TimeControl "1500+5"]

1. b3 a5 2. a4 e5 3. Bb2 Nc6 4. e3 d6 5. Bb5 Bd7 6. Ne2 h5 7. f4 Nge7 8. O-O h4 9. Na3 h3 10. g3 e4 11. Nc4 f6 12. Nd4 d5 13. Na3 Nxd4 14. Bxd7+ Qxd7 15. Bxd4 Nf5 16. Bb2 Kf7 17. Nb5 Bc5 18. Qg4 g6 19. Nd4 Bxd4 20. Bxd4 b6 21. Bb2 c5 22. Rfe1 Qc6 23. Qe2 Rad8 24. d3 d4 25. exd4 e3 26. d5 Qxd5 27. Rf1 Nxg3 28. Qf3 Nxf1 29. Qxd5+ Rxd5 30. Rxf1 Re8 31. Bc3 Rf5 32. Rf3 g5 0-1

[Event "Gaprindashvili Cup Open II Stage 2020"]
[Site "Online"]
[Date "2020.11.08"]
[Round "1.3"]
[White "Jojua, Davit"]
[Black "Didmanidze, Tengiz"]
[Result "1-0"]
[ECO "E90"]
[WhiteElo "2557"]
[BlackElo "1922"]
[Annotator "ChessBase"]
[PlyCount "97"]
[EventDate "2020.11.04"]
[EventType "swiss"]
[SourceTitle "playchess.com"]
[Source "ChessBase"]
[SourceQuality "1"]
[TimeControl "1500+5"]

1. d4 Nf6 2. c4 g6 3. Nc3 Bg7 4. e4 d6 5. Nf3 O-O 6. h3 e5 7. d5 a5 8. g4 Na6 9. Be3 Nc5 10. Nd2 a4 11. Bxc5 dxc5 12. Nxa4 b6 13. Nc3 Ne8 14. Bd3 Nd6 15. Qe2 f5 16. gxf5 gxf5 17. O-O-O Qh4 18. Kb1 fxe4 19. Ndxe4 Nf5 20. Nb5 Nd4 21. Nxd4 exd4 22. Rdg1 Bf5 23. Ng5 Qxf2 24. Qc2 Qxc2+ 25. Kxc2 Bxd3+ 26. Kxd3 Kh8 27. Rf1 h6 28. Ne6 Rxf1 29. Rxf1 Be5 30. Ke4 Bd6 31. Rf7 Rxa2 32. Nxc7 Ra7 33. Rd7 Bh2 34. Rd8+ Kh7 35. Ne6 Ra1 36. Rd7+ Kg6 37. Rb7 Re1+ 38. Kd3 Re3+ 39. Kd2 Rb3 40. Nxc5 Rxb2+ 41. Kd3 Kf5 42. Rf7+ Ke5 43. Nd7+ Kd6 44. Kxd4 Rb3 45. Nf6 Bg1+ 46. Ke4 Rc3 47. Rd7+ Kc5 48. Rc7+ Kd6 49. Ne8# 1-0

[Event "Gaprindashvili Cup Open II Stage 2020"]
[Site "Online"]
[Date "2020.11.08"]
[Round "1.4"]
[White "Adamia, Jaba"]
[Black "Pantsulaia, Levan"]
[Result "0-1"]
[ECO "A70"]
[WhiteElo "1899"]
[BlackElo "2553"]
[Annotator "ChessBase"]
[PlyCount "42"]
[EventDate "2020.11.04"]
[EventType "swiss"]
[SourceTitle "playchess.com"]
[Source "ChessBase"]
[SourceQuality "1"]
[TimeControl "1500+5"]

1. d4 Nf6 2. c4 c5 3. d5 e6 4. Nc3 exd5 5. cxd5 d6 6. e4 g6 7. Bd3 Bg7 8. Nf3 a6 9. a4 Bg4 10. O-O O-O 11. h3 Bxf3 12. Qxf3 Nbd7 13. Qe2 Re8 14. Bf4 Qe7 15. Rfe1 Nh5 16. Bh2 Be5 17. Qd2 Qh4 18. Bxe5 Nxe5 19. Re3 Nf4 20. Bf1 Nxh3+ 21. gxh3 Qg5+ 0-1

[Event "Gaprindashvili Cup Open II Stage 2020"]
[Site "Online"]
[Date "2020.11.08"]
[Round "1.5"]
[White "Shanava, Konstantine"]
[Black "Endeladze, Ramaz"]
[Result "1-0"]
[ECO "B06"]
[WhiteElo "2504"]
[BlackElo "1894"]
[Annotator "ChessBase"]
[PlyCount "51"]
[EventDate "2020.11.04"]
[EventType "swiss"]
[SourceTitle "playchess.com"]
[Source "ChessBase"]
[SourceQuality "1"]
[TimeControl "1500+5"]

1. e4 g6 2. d4 Bg7 3. Nc3 d6 4. f4 c6 5. Nf3 Nd7 6. e5 e6 7. Ne4 Bf8 8. Nxd6+ Bxd6 9. exd6 Ndf6 10. Bd3 Qxd6 11. O-O Ne7 12. c3 b6 13. Qe2 Bb7 14. Ne5 O-O 15. Qf2 Nd7 16. Qh4 f6 17. Nc4 Qc7 18. Qh3 Nf5 19. g4 Nd6 20. f5 exf5 21. Bf4 Ne5 22. dxe5 Nxc4 23. Bxc4+ Kh8 24. exf6 Qd8 25. f7 Qf6 26. Qg3 1-0

[Event "Gaprindashvili Cup Open II Stage 2020"]
[Site "Online"]
[Date "2020.11.08"]
[Round "1.6"]
[White "Qalichava, Akaki"]
[Black "Quparadze, Giga"]
[Result "0-1"]
[ECO "B42"]
[WhiteElo "1877"]
[BlackElo "2463"]
[Annotator "ChessBase"]
[PlyCount "122"]
[EventDate "2020.11.04"]
[EventType "swiss"]
[SourceTitle "playchess.com"]
[Source "ChessBase"]
[SourceQuality "1"]
[TimeControl "1500+5"]

1. e4 c5 2. Nf3 e6 3. d4 cxd4 4. Nxd4 a6 5. Bd3 Nf6 6. O-O Qc7 7. Qe2 d6 8. c4 g6 9. b3 Bg7 10. Bb2 O-O 11. Nc3 Nc6 12. Nxc6 bxc6 13. Na4 Nd7 14. Bxg7 Kxg7 15. f4 Kg8 16. Rad1 Nf6 17. f5 e5 18. Bc2 Bb7 19. Rf3 Rad8 20. Rdf1 Qe7 21. Qf2 Nh5 22. f6 Qe6 23. Qh4 Bc8 24. h3 Kh8 25. Nc3 Rg8 26. Qg5 Nf4 27. Re1 Qe8 28. Ne2 Ne6 29. Qe3 c5 30. Nc3 Bb7 31. Bd3 Nf4 32. Nd5 Bxd5 33. exd5 Nxd3 34. Qxd3 a5 35. a4 Qf8 36. Qd2 Ra8 37. g4 g5 38. Kf2 Rg6 39. Qd3 Rb8 40. Kg3 Qh6 41. Ref1 Qh4+ 42. Kg2 h5 43. Qf5 hxg4 44. Qxg4 Qxg4+ 45. hxg4 Rh6 46. Rg3 Kh7 47. Rf5 Kg6 48. Rff3 Rh4 49. Kf2 Rh2+ 50. Kg1 Rd2 51. Rh3 Rd4 52. Rhg3 Rf4 53. Kg2 Kxf6 54. Re3 Kg6 55. Re2 Rh8 56. Kg1 Rh4 57. Reg2 Kf6 58. Rf2 e4 59. Rfg2 Ke5 60. Rf2 Rhxg4 61. Rxg4 Rxg4+ 0-1

[Event "Gaprindashvili Cup Open II Stage 2020"]
[Site "Online"]
[Date "2020.11.08"]
[Round "1.8"]
[White "Liponava, Zurab"]
[Black "Kacharava, Nikolozi"]
[Result "1-0"]
[ECO "B09"]
[WhiteElo "1800"]
[BlackElo "2443"]
[Annotator "ChessBase"]
[PlyCount "51"]
[EventDate "2020.11.04"]
[EventType "swiss"]
[SourceTitle "playchess.com"]
[Source "ChessBase"]
[SourceQuality "1"]
[TimeControl "1500+5"]

1. e4 d6 2. d4 Nf6 3. Nc3 g6 4. f4 Bg7 5. Nf3 O-O 6. e5 Nfd7 7. h4 c5 8. h5 cxd4 9. Qxd4 dxe5 10. Qf2 Qb6 11. Qh4 exf4 12. hxg6 Qxg6 13. Bd3 f5 14. Bxf4 h6 15. O-O-O e5 16. Bc4+ Kh8 17. Bxh6 Bxh6+ 18. Qxh6+ Qxh6+ 19. Rxh6+ Kg7 20. Rdh1 Nf6 21. Nxe5 Re8 22. Rg6+ Kf8 23. Rxf6+ Ke7 24. Nd5+ Kd8 25. Nf7+ Kd7 26. Rd6# 1-0

[Event "Gaprindashvili Cup Open II Stage 2020"]
[Site "Online"]
[Date "2020.11.08"]
[Round "1.9"]
[White "Bagaturov, Giorgi"]
[Black "kiladze, Luka"]
[Result "1/2-1/2"]
[ECO "E62"]
[WhiteElo "2431"]
[BlackElo "1786"]
[Annotator "ChessBase"]
[PlyCount "91"]
[EventDate "2020.11.04"]
[EventType "swiss"]
[SourceTitle "playchess.com"]
[Source "ChessBase"]
[SourceQuality "1"]
[TimeControl "1500+5"]

1. d4 g6 2. Nf3 Bg7 3. g3 Nf6 4. Bg2 O-O 5. c4 d6 6. O-O c6 7. Nc3 Qa5 8. h3 e5 9. e4 Qc7 10. Be3 a6 11. Qc2 Be6 12. d5 Bd7 13. dxc6 bxc6 14. Rfd1 Be6 15. b3 c5 16. Qd2 Ne8 17. Nd5 Qb7 18. Rab1 Nc6 19. a3 Nd4 20. Nxd4 exd4 21. Bh6 Bxd5 22. cxd5 Qe7 23. b4 Nc7 24. Bxg7 Kxg7 25. bxc5 dxc5 26. Qf4 Nb5 27. Rbc1 g5 28. Qf5 Nd6 29. Qg4 Rac8 30. h4 h6 31. hxg5 hxg5 32. Re1 d3 33. Qd1 c4 34. e5 Nb5 35. Re4 Nxa3 36. Qd2 f5 37. d6 Qe6 38. Qxg5+ Qg6 39. Qxg6+ Kxg6 40. Rd4 Nc2 41. Rd5 Nb4 42. Rd4 Nc2 43. Rd5 Nb4 44. Rd4 Nc2 45. Rd5 Nb4 46. Rd4 1/2-1/2

[Event "Gaprindashvili Cup Open II Stage 2020"]
[Site "Online"]
[Date "2020.11.08"]
[Round "1.10"]
[White "Tsereteli, Tornike"]
[Black "Petriashvili, Nikoloz"]
[Result "1/2-1/2"]
[ECO "C76"]
[WhiteElo "1765"]
[BlackElo "2425"]
[Annotator "ChessBase"]
[PlyCount "52"]
[EventDate "2020.11.04"]
[EventType "swiss"]
[SourceTitle "playchess.com"]
[Source "ChessBase"]
[SourceQuality "1"]
[TimeControl "1500+5"]

1. e4 e5 2. Nf3 Nc6 3. Bb5 g6 4. O-O Bg7 5. c3 a6 6. Ba4 d6 7. d4 Bd7 8. h3 Nf6 9. Re1 O-O 10. d5 Ne7 11. Bxd7 Qxd7 12. c4 c5 13. dxc6 Qxc6 14. Qe2 Rfc8 15. Na3 h6 16. Rb1 Nd7 17. b3 f5 18. exf5 gxf5 19. Nc2 b5 20. Ncd4 exd4 21. Qe6+ Kh7 22. Nxd4 Qc7 23. Bxh6 Nc5 24. Qxe7 Qxe7 25. Rxe7 Kxh6 26. Nxf5+ Kg6 1/2-1/2

[Event "Gaprindashvili Cup Open II Stage 2020"]
[Site "Online"]
[Date "2020.11.08"]
[Round "1.11"]
[White "Lortkipanidze, Nodar"]
[Black "Chanturia, Lasha"]
[Result "1-0"]
[ECO "C26"]
[WhiteElo "2416"]
[BlackElo "1761"]
[Annotator "ChessBase"]
[PlyCount "117"]
[EventDate "2020.11.04"]
[EventType "swiss"]
[SourceTitle "playchess.com"]
[Source "ChessBase"]
[SourceQuality "1"]
[TimeControl "1500+5"]

1. e4 e5 2. Nc3 Nc6 3. g3 Bc5 4. Bg2 Nf6 5. Nge2 a6 6. d3 d6 7. h3 Be6 8. Nd5 Ne7 9. Nxf6+ gxf6 10. Be3 Bxe3 11. fxe3 f5 12. Qd2 fxe4 13. Bxe4 d5 14. Bg2 Qd6 15. O-O O-O-O 16. b4 Rdg8 17. a4 Nf5 18. Kh2 h5 19. e4 dxe4 20. Bxe4 Nd4 21. Nxd4 exd4 22. Qf4 Qd7 23. b5 Bxh3 24. bxa6 bxa6 25. Rab1 h4 26. Bb7+ Kd8 27. Qf6+ Qe7 28. Qxe7+ Kxe7 29. Kxh3 hxg3+ 30. Kg2 Rh2+ 31. Kg1 Rxc2 32. Rbe1+ Kf8 33. Bd5 Rg7 34. Rf4 c5 35. Ref1 Ke7 36. Rxf7+ Rxf7 37. Rxf7+ Kd6 38. Bc4 a5 39. Rg7 Ke5 40. Rxg3 Kf4 41. Rg2 Rc1+ 42. Kh2 Ke3 43. Rg5 Ra1 44. Re5+ Kf4 45. Re4+ Kf3 46. Bb5 Ra2+ 47. Kh3 Ra1 48. Kh4 Rg1 49. Bc6 Kf2 50. Re5 Rc1 51. Bb5 Kf3 52. Kg5 Rc3 53. Kf5 Rc1 54. Ke6 Ra1 55. Rxc5 Ke3 56. Kd5 Ra3 57. Rc8 Rc3 58. Re8+ Kd2 59. Kxd4 1-0

[Event "Gaprindashvili Cup Open II Stage 2020"]
[Site "Online"]
[Date "2020.11.08"]
[Round "1.12"]
[White "Safarov, Deniel"]
[Black "Kekelidze, Mikheil"]
[Result "1-0"]
[ECO "B08"]
[WhiteElo "1720"]
[BlackElo "2388"]
[Annotator "ChessBase"]
[PlyCount "63"]
[EventDate "2020.11.04"]
[EventType "swiss"]
[SourceTitle "playchess.com"]
[Source "ChessBase"]
[SourceQuality "1"]
[TimeControl "1500+5"]

1. e4 Nc6 2. Nf3 d6 3. Nc3 Nf6 4. d4 g6 5. h3 Bg7 6. Be3 O-O 7. Qd2 e5 8. d5 Ne7 9. O-O-O Bd7 10. Bh6 b5 11. Bxg7 Kxg7 12. Bd3 b4 13. Ne2 a5 14. g4 c5 15. Ng3 Nc8 16. Rdg1 Nb6 17. g5 Ne8 18. Nf5+ Kh8 19. h4 c4 20. Be2 gxf5 21. g6 f4 22. h5 c3 23. Qe1 cxb2+ 24. Kb1 h6 25. Nh4 a4 26. Qxb4 a3 27. g7+ Nxg7 28. Qxd6 Be6 29. Qxe5 f6 30. Qxf4 Na4 31. Qxh6+ Kg8 32. Qxg7# 1-0

[Event "Gaprindashvili Cup Open II Stage 2020"]
[Site "Online"]
[Date "2020.11.08"]
[Round "1.13"]
[White "Sulashvili, Malkhaz"]
[Black "Tsanatsqenishvili, Alexandre"]
[Result "1-0"]
[ECO "D30"]
[WhiteElo "2381"]
[BlackElo "1702"]
[Annotator "ChessBase"]
[PlyCount "51"]
[EventDate "2020.11.04"]
[EventType "swiss"]
[SourceTitle "playchess.com"]
[Source "ChessBase"]
[SourceQuality "1"]
[TimeControl "1500+5"]

1. d4 Nf6 2. Nf3 d5 3. c4 e6 4. e3 c5 5. a3 Nc6 6. dxc5 Bxc5 7. b4 Bd6 8. Bb2 a6 9. Nbd2 O-O 10. Be2 Ne4 11. O-O Nxd2 12. Qxd2 dxc4 13. Rfd1 Be7 14. Qc3 Bf6 15. Rxd8 Bxc3 16. Rxf8+ Kxf8 17. Bxc3 b5 18. a4 Rb8 19. axb5 axb5 20. Nd4 Ne7 21. Bf3 e5 22. Nc6 Nxc6 23. Bxc6 f6 24. f4 exf4 25. exf4 Rb6 26. Bxb5 1-0

[Event "Gaprindashvili Cup Open II Stage 2020"]
[Site "Online"]
[Date "2020.11.08"]
[Round "1.14"]
[White "Nemsadze, Daviti"]
[Black "Akhvlediani, Irakli"]
[Result "0-1"]
[ECO "B22"]
[WhiteElo "1690"]
[BlackElo "2355"]
[Annotator "ChessBase"]
[PlyCount "62"]
[EventDate "2020.11.04"]
[EventType "swiss"]
[SourceTitle "playchess.com"]
[Source "ChessBase"]
[SourceQuality "1"]
[TimeControl "1500+5"]

1. e4 c5 2. Nf3 Nc6 3. c3 d5 4. e5 Bg4 5. Be2 e6 6. d4 Qb6 7. dxc5 Bxc5 8. O-O Bxf3 9. Bxf3 Nxe5 10. b4 Bd6 11. Be3 Qc7 12. Be2 Nf6 13. Qa4+ Ned7 14. h3 O-O 15. Qb3 Rfc8 16. Rc1 Bh2+ 17. Kh1 Bf4 18. c4 d4 19. Bxf4 Qxf4 20. Rf1 Ne5 21. c5 b6 22. Ba6 Rc7 23. Na3 bxc5 24. Rac1 Rb8 25. Bb5 Ne4 26. Qb2 h6 27. Kg1 Nc3 28. Rxc3 dxc3 29. Qxc3 cxb4 30. Qxc7 Nf3+ 31. gxf3 Qxc7 0-1

[Event "Gaprindashvili Cup Open II Stage 2020"]
[Site "Online"]
[Date "2020.11.08"]
[Round "1.15"]
[White "Chighladze, Iveri"]
[Black "Kachkachishvili, Lasha"]
[Result "0-1"]
[ECO "A50"]
[WhiteElo "2335"]
[BlackElo "1681"]
[Annotator "ChessBase"]
[PlyCount "84"]
[EventDate "2020.11.04"]
[EventType "swiss"]
[SourceTitle "playchess.com"]
[Source "ChessBase"]
[SourceQuality "1"]
[TimeControl "1500+5"]

1. d4 Nf6 2. c4 e6 3. Nc3 b6 4. e4 d6 5. Bg5 Be7 6. Bd3 Bb7 7. Nge2 Nbd7 8. O-O e5 9. f4 exd4 10. Nxd4 h6 11. Bh4 Nc5 12. b4 Nxd3 13. Qxd3 c5 14. Nf5 cxb4 15. Nb5 Bxe4 16. Nbxd6+ Kf8 17. Qg3 Bxf5 18. Nxf5 g6 19. Rad1 Qe8 20. Nxe7 Qxe7 21. Rfe1 Qc5+ 22. Qe3 Qxe3+ 23. Rxe3 Kg7 24. Rd6 Ng4 25. Rg3 h5 26. h3 Nh6 27. Bf6+ Kh7 28. Bxh8 Nf5 29. Rgd3 Nxd6 30. Rxd6 Kxh8 31. Rd7 Kg7 32. g4 hxg4 33. hxg4 Rc8 34. Rd4 a5 35. Kf2 a4 36. Ke3 Rh8 37. Rd6 Rh3+ 38. Kd4 b3 39. axb3 Rxb3 40. g5 Rb1 41. Ke5 Re1+ 42. Kd5 Rd1+ 0-1

[Event "Gaprindashvili Cup Open II Stage 2020"]
[Site "Online"]
[Date "2020.11.08"]
[Round "1.16"]
[White "Kupatadze, Tornike"]
[Black "Morchiashvili, Bachana"]
[Result "0-1"]
[ECO "B21"]
[WhiteElo "1657"]
[BlackElo "2313"]
[Annotator "ChessBase"]
[PlyCount "50"]
[EventDate "2020.11.04"]
[EventType "swiss"]
[SourceTitle "playchess.com"]
[Source "ChessBase"]
[SourceQuality "1"]
[TimeControl "1500+5"]

1. e4 c5 2. d4 cxd4 3. c3 dxc3 4. Nxc3 Nc6 5. Bc4 d6 6. Nf3 a6 7. Bg5 Nf6 8. Qb3 e6 9. e5 dxe5 10. Rd1 Qc7 11. Bxf6 gxf6 12. Ne4 Bb4+ 13. Ke2 Be7 14. Rd2 Na5 15. Qa4+ b5 16. Bxb5+ axb5 17. Qxb5+ Qc6 18. Qxc6+ Nxc6 19. Nd6+ Bxd6 20. Rxd6 Ba6+ 21. Ke3 Nb4 22. Rc1 Nd5+ 23. Kd2 Ke7 24. Rdc6 Rhd8 25. Ke1 Nf4 0-1

[Event "Gaprindashvili Cup Open II Stage 2020"]
[Site "Online"]
[Date "2020.11.08"]
[Round "1.17"]
[White "Lomsadze, Davit"]
[Black "Tsanatsqenishvili, Giorgi"]
[Result "1-0"]
[ECO "E67"]
[WhiteElo "2303"]
[BlackElo "1631"]
[Annotator "ChessBase"]
[PlyCount "91"]
[EventDate "2020.11.04"]
[EventType "swiss"]
[SourceTitle "playchess.com"]
[Source "ChessBase"]
[SourceQuality "1"]
[TimeControl "1500+5"]

1. Nf3 Nf6 2. g3 g6 3. Bg2 Bg7 4. O-O O-O 5. d4 d6 6. c4 Nbd7 7. Nc3 e5 8. h3 h6 9. e4 Re8 10. d5 Rf8 11. Ne1 Nh5 12. Nd3 Nc5 13. Nxc5 dxc5 14. Kh2 a6 15. a3 Qe7 16. Be3 Bd7 17. Qd2 Kh7 18. b4 cxb4 19. axb4 Qxb4 20. Rfb1 Qe7 21. Rxb7 Bc8 22. Rbb1 f5 23. exf5 Bxf5 24. Ne4 Rfd8 25. Rb7 Bc8 26. d6 Bxb7 27. dxe7 Rxd2 28. Bxd2 Re8 29. Ng5+ hxg5 30. Bxb7 Rxe7 31. Rxa6 Rf7 32. Kg2 Bf6 33. Bd5 Rd7 34. g4 Rd6 35. Rxd6 cxd6 36. gxh5 gxh5 37. Bf7 Kh6 38. Kf3 h4 39. Kg4 Kg7 40. Bd5 Kh6 41. Kf5 Bd8 42. Ke6 Bc7 43. Be4 Kh5 44. Bf5 Kh6 45. Kd7 Bb8 46. Bb4 1-0

[Event "Gaprindashvili Cup Open II Stage 2020"]
[Site "Online"]
[Date "2020.11.08"]
[Round "1.18"]
[White "Gogolashvili, Giorgi"]
[Black "Patsia, Zviad"]
[Result "0-1"]
[ECO "B02"]
[WhiteElo "1448"]
[BlackElo "2204"]
[Annotator "ChessBase"]
[PlyCount "82"]
[EventDate "2020.11.04"]
[EventType "swiss"]
[SourceTitle "playchess.com"]
[Source "ChessBase"]
[SourceQuality "1"]
[TimeControl "1500+5"]

1. e4 Nf6 2. Nc3 d5 3. exd5 Nxd5 4. Bc4 c6 5. d4 Bf5 6. Nf3 e6 7. O-O Be7 8. Nxd5 cxd5 9. Bd3 Bg4 10. h3 Bh5 11. c3 Nc6 12. Qb3 Qc7 13. Ne5 Nxe5 14. dxe5 O-O 15. Bf4 Bg6 16. Bxg6 hxg6 17. Rac1 Rfc8 18. Rfd1 Rab8 19. Qc2 b5 20. Qd3 a5 21. Qg3 Qc4 22. b3 Qc7 23. h4 a4 24. h5 gxh5 25. Qh3 g6 26. g4 hxg4 27. Qxg4 Kg7 28. Rd3 axb3 29. axb3 Rh8 30. Re1 Rh4 31. Qg3 Rbh8 32. Kg2 R8h5 33. Rdd1 Qc6 34. Qf3 Rf5 35. Rd4 g5 36. Qg3 Rfxf4 37. Rxf4 Rxf4 38. Rh1 d4+ 39. f3 Qxc3 40. Rh5 Qc2+ 41. Kh3 Qg6 0-1

[Event "Gaprindashvili Cup Open II Stage 2020"]
[Site "Online"]
[Date "2020.11.08"]
[Round "2.2"]
[White "Paichadze, Luka"]
[Black "Lomsadze, Davit"]
[Result "1-0"]
[ECO "C47"]
[WhiteElo "2565"]
[BlackElo "2303"]
[Annotator "ChessBase"]
[PlyCount "95"]
[EventDate "2020.11.04"]
[EventType "swiss"]
[SourceTitle "playchess.com"]
[Source "ChessBase"]
[SourceQuality "1"]
[TimeControl "1500+5"]

1. e4 e5 2. Nc3 Nf6 3. g3 d5 4. exd5 Nxd5 5. Bg2 Nxc3 6. bxc3 Bd6 7. d3 O-O 8. Nf3 Nc6 9. O-O Bg4 10. h3 Bh5 11. Qe1 f5 12. Nd2 f4 13. g4 Bf7 14. Qe2 Qd7 15. a4 b6 16. Bb2 Rae8 17. c4 Ne7 18. Nf3 Ng6 19. a5 Qe7 20. axb6 axb6 21. Rfe1 Nh4 22. Nxh4 Qxh4 23. Ba3 h5 24. Bxd6 cxd6 25. Rab1 Be6 26. f3 hxg4 27. hxg4 Rb8 28. Qf2 Qd8 29. Rb2 Rf7 30. Reb1 Rfb7 31. Bf1 Qc7 32. c3 g5 33. Rb4 Kg7 34. d4 Bf7 35. Bd3 d5 36. dxe5 Qxe5 37. cxd5 Qxc3 38. Be4 Rd7 39. R4b3 Qf6 40. Rxb6 Rxb6 41. Rxb6 Rd6 42. Rb7 Qa1+ 43. Kg2 Kf6 44. Qc5 Qa2+ 45. Kg1 Qa1+ 46. Kg2 Qa2+ 47. Kh3 Rxd5 48. Qe7+ 1-0

[Event "Gaprindashvili Cup Open II Stage 2020"]
[Site "Online"]
[Date "2020.11.08"]
[Round "2.3"]
[White "Patsia, Zviad"]
[Black "Jojua, Davit"]
[Result "0-1"]
[ECO "B42"]
[WhiteElo "2204"]
[BlackElo "2557"]
[Annotator "ChessBase"]
[PlyCount "74"]
[EventDate "2020.11.04"]
[EventType "swiss"]
[SourceTitle "playchess.com"]
[Source "ChessBase"]
[SourceQuality "1"]
[TimeControl "1500+5"]

1. e4 c5 2. Nf3 e6 3. d4 cxd4 4. Nxd4 a6 5. Bd3 Nf6 6. O-O e5 7. Bg5 d6 8. Ne2 Be7 9. c4 Be6 10. Nbc3 Nc6 11. Bxf6 Bxf6 12. Nd5 Bg5 13. b4 O-O 14. b5 axb5 15. cxb5 Bxd5 16. exd5 Ne7 17. Qb3 Qb6 18. Kh1 f5 19. f4 Bf6 20. fxe5 Bxe5 21. Rac1 g6 22. Nf4 Rfc8 23. Ne6 Rxc1 24. Rxc1 Qe3 25. Rd1 Qf2 26. Bb1 Rc8 27. Qf3 Qh4 28. g3 Qa4 29. Qe2 Nxd5 30. Rxd5 Rc1+ 31. Kg2 Rxb1 32. Nd4 Qd1 33. Rxe5 dxe5 34. Qc4+ Kg7 35. Qc7+ Kh6 36. Nxf5+ gxf5 37. Qb6+ Kh5 0-1

[Event "Gaprindashvili Cup Open II Stage 2020"]
[Site "Online"]
[Date "2020.11.08"]
[Round "2.4"]
[White "Pantsulaia, Levan"]
[Black "Volkov, Nika"]
[Result "1-0"]
[ECO "A07"]
[WhiteElo "2553"]
[BlackElo "2084"]
[Annotator "ChessBase"]
[PlyCount "71"]
[EventDate "2020.11.04"]
[EventType "swiss"]
[SourceTitle "playchess.com"]
[Source "ChessBase"]
[SourceQuality "1"]
[TimeControl "1500+5"]

1. Nf3 d5 2. g3 Nf6 3. Bg2 Bg4 4. c4 e6 5. Qb3 Qc8 6. h3 Bf5 7. d3 c6 8. Bf4 Nbd7 9. Nbd2 h6 10. g4 Bg6 11. Rc1 Be7 12. cxd5 Nxd5 13. Bg3 b5 14. O-O h5 15. Ne4 O-O 16. Nd4 Bxe4 17. Rxc6 Bxg2 18. Rxc8 Raxc8 19. Kxg2 h4 20. Bh2 a6 21. Nf3 Nc5 22. Qd1 Na4 23. Qb1 b4 24. Rc1 Bf6 25. Ne5 Rfd8 26. d4 a5 27. e3 Ndb6 28. Nc6 Rd5 29. Rc2 Ra8 30. Qf1 g6 31. e4 Rd7 32. Qb5 Bxd4 33. Nxd4 Rxd4 34. b3 Nc3 35. Qxb6 Rxe4 36. Rxc3 1-0

[Event "Gaprindashvili Cup Open II Stage 2020"]
[Site "Online"]
[Date "2020.11.08"]
[Round "2.5"]
[White "Elashvili, Giorgi"]
[Black "Shanava, Konstantine"]
[Result "0-1"]
[ECO "A89"]
[WhiteElo "1857"]
[BlackElo "2504"]
[Annotator "ChessBase"]
[PlyCount "67"]
[EventDate "2020.11.04"]
[EventType "swiss"]
[SourceTitle "playchess.com"]
[Source "ChessBase"]
[SourceQuality "1"]
[TimeControl "1500+5"]

1. d4 g6 2. Nf3 Bg7 3. g3 d6 4. Bg2 f5 5. O-O Nf6 6. c4 O-O 7. Nc3 Nc6 8. Bg5 Ne4 9. d5 Nxg5 10. dxc6 Nxf3+ 11. Bxf3 bxc6 12. Bxc6 Rb8 13. Qd2 e6 14. Rae1 a6 15. e3 Qf6 16. f4 Rb6 17. Qg2 Rb4 18. Rc1 g5 19. b3 Kh8 20. Kh1 gxf4 21. exf4 Qd4 22. Rfe1 Rb6 23. Na4 Rxc6 24. Qxc6 Qa7 25. Nc5 Qxc5 26. Qxc5 dxc5 27. h3 Bb7+ 28. Kh2 Be4 29. Rcd1 Bd4 30. Rc1 Kg7 31. h4 Kf6 32. Kh3 Rg8 33. Re2 a5 34. Ree1 0-1

[Event "Gaprindashvili Cup Open II Stage 2020"]
[Site "Online"]
[Date "2020.11.08"]
[Round "2.6"]
[White "Quparadze, Giga"]
[Black "Liponava, Zurab"]
[Result "1-0"]
[ECO "B20"]
[WhiteElo "2463"]
[BlackElo "1800"]
[Annotator "ChessBase"]
[PlyCount "81"]
[EventDate "2020.11.04"]
[EventType "swiss"]
[SourceTitle "playchess.com"]
[Source "ChessBase"]
[SourceQuality "1"]
[TimeControl "1500+5"]

1. e4 c5 2. Ne2 a6 3. Nbc3 b5 4. d4 b4 5. Na4 cxd4 6. Nxd4 e6 7. Be2 Bb7 8. Bf3 Nc6 9. O-O Qa5 10. c3 bxc3 11. Nxc3 Nxd4 12. Qxd4 d6 13. b4 Qc7 14. Bb2 e5 15. Nd5 Bxd5 16. Qxd5 Rb8 17. Rac1 Qd7 18. Bxe5 Nf6 19. Bxf6 gxf6 20. Qh5 Rb5 21. e5 Rxe5 22. Qxe5+ dxe5 23. Bc6 Bxb4 24. Rfd1 Qxc6 25. Rxc6 O-O 26. Rxa6 Kg7 27. Rb1 Rc8 28. g3 Bc5 29. Rb2 Bd4 30. Re2 f5 31. Kg2 h5 32. Rd6 Ra8 33. h4 Ra4 34. Rd7 Kf6 35. Rc2 Ke6 36. Rdc7 f4 37. gxf4 exf4 38. R7c4 Rxc4 39. Rxc4 Kd5 40. Rxd4+ Kxd4 41. Kf3 1-0

[Event "Gaprindashvili Cup Open II Stage 2020"]
[Site "Online"]
[Date "2020.11.08"]
[Round "2.7"]
[White "Kachkachishvili, Lasha"]
[Black "Lortkipanidze, Nodar"]
[Result "0-1"]
[ECO "A84"]
[WhiteElo "1681"]
[BlackElo "2416"]
[Annotator "ChessBase"]
[PlyCount "54"]
[EventDate "2020.11.04"]
[EventType "swiss"]
[SourceTitle "playchess.com"]
[Source "ChessBase"]
[SourceQuality "1"]
[TimeControl "1500+5"]

1. Nf3 e6 2. d4 f5 3. g3 b6 4. Bg2 Bb7 5. c4 Nf6 6. O-O a5 7. Nc3 Bb4 8. Bd2 O-O 9. Rc1 Qe8 10. Nb5 Na6 11. Bxb4 axb4 12. Nh4 Bxg2 13. Nxg2 c6 14. Nd6 Qe7 15. c5 Nd5 16. e4 fxe4 17. Nxe4 bxc5 18. dxc5 Nac7 19. Qb3 Ra5 20. Ra1 Na6 21. a3 Nxc5 22. Nxc5 Qxc5 23. axb4 Qxf2+ 24. Rxf2 Rxa1+ 25. Ne1 Rxe1+ 26. Kg2 Ne3+ 27. Kh3 Rxf2 0-1

[Event "Gaprindashvili Cup Open II Stage 2020"]
[Site "Online"]
[Date "2020.11.08"]
[Round "2.9"]
[White "Akhvlediani, Irakli"]
[Black "Safarov, Deniel"]
[Result "1-0"]
[ECO "E90"]
[WhiteElo "2355"]
[BlackElo "1720"]
[Annotator "ChessBase"]
[PlyCount "59"]
[EventDate "2020.11.04"]
[EventType "swiss"]
[SourceTitle "playchess.com"]
[Source "ChessBase"]
[SourceQuality "1"]
[TimeControl "1500+5"]

1. d4 Nf6 2. c4 g6 3. Nc3 Bg7 4. Nf3 d6 5. e4 O-O 6. h3 e5 7. d5 a5 8. g4 Na6 9. Be3 Nc5 10. Nd2 Ne8 11. Be2 f5 12. exf5 gxf5 13. Qc2 e4 14. O-O-O Qf6 15. Kb1 Na6 16. a3 Bd7 17. Rhg1 c6 18. gxf5 Bxf5 19. Ndxe4 Qe7 20. Bd3 Nb4 21. axb4 axb4 22. Ng5 Qc7 23. Bxf5 Nf6 24. Ne6 Qa5 25. Rxg7+ Kh8 26. Qa4 bxc3 27. Qxa5 Rxa5 28. Bd4 cxb2 29. Rxh7+ Kg8 30. Rg1+ 1-0